AoeStats
← Æurosswydd

Nomad

510628722Analyzed
3v3 RM · 2d ago on Oct 1, 2026· 48m 51s· 6 players
Game mode
Random Map
Map size
210×210
Population
200
Speed
Normal
Resources
Standard
Victory
Conquest
Starting age
Dark Age
Ending age
Imperial Age
RankedLock teamsTeams togetherTeam positionsShared explorationLock speedFull tech treeHidden civsTurbo modeCheats
Victory
Defeat
🇨🇦 Varangians · Canada
1064
+16
🇺🇸 Portuguese · United States
1053
+16
🇹🇷 Huns · Türkiye
1009
+18
🇺🇾 Vikings · Uruguay
1106
-19
🇺🇾 Britons · Uruguay
1030
-16
🇺🇾 Huns · Uruguay
1021
-15
El Profesor X
5:19 Loom
14:38 Feudal Age
15:30 Fishing Lines
16:20 Double-Bit Axe
17:56 Gold Mining
23:21 Castle Age
24:01 Stone Mining
24:47 Gold Shaft Mining
24:23 Bow Saw
28:58 Squires
30:50 Horse Collar
32:18 Scale Mail Armor
32:36 Forging
35:01 Chain Mail Armor
35:21 Iron Casting
36:55 Arson
39:29 Heavy Plow
Chacal
15:26 Loom
18:05 Feudal Age
26:12 Castle Age
25:26 Fishing Lines
26:03 Double-Bit Axe
26:49 Light Cavalry
28:31 Bloodlines
28:20 Gillnets
28:37 Husbandry
29:58 Town Watch
34:59 Bow Saw
35:02 Thumb Ring
40:55 Scale Barding Armor
40:41 Fletching
41:03 Forging
42:01 Chain Barding Armor
41:41 Padded Archer Armor
42:04 Gold Mining
42:27 Bodkin Arrow
43:32 Ballistics
43:08 Murder Holes
45:10 Wheelbarrow
47:17 Iron Casting
Ticotico
9:52 Loom
17:06 Feudal Age
17:52 Double-Bit Axe
18:53 Wheelbarrow
21:33 Fletching
21:43 Padded Archer Armor
25:25 Horse Collar
29:02 Castle Age
28:57 Gold Mining
28:57 Stone Mining
29:13 Crossbowman
32:21 Gold Shaft Mining
32:07 Hand Cart
32:06 Bow Saw
32:19 Heavy Plow
34:41 Ballistics
34:18 Murder Holes
39:44 Imperial Age
37:09 Pikeman
37:50 Squires
37:35 Arson
38:29 Fortified Wall
43:13 Imperial Age
Ålįšį Drakaina
15:22 Feudal Age
16:21 Horse Collar
16:27 Double-Bit Axe
16:44 Loom
17:31 Fishing Lines
17:59 Gold Mining
24:18 Castle Age
24:43 Man-at-Arms
25:46 Gillnets
27:37 Medium Warships
27:57 Bow Saw
27:41 Stone Mining
29:39 Pikeman
39:25 Wheelbarrow
39:07 Fletching
sebas4fr
3:29 Loom
17:14 Feudal Age
21:06 Castle Age
18:49 Fishing Lines
19:34 Double-Bit Axe
20:46 Town Watch
21:37 Wheelbarrow
23:37 Gillnets
25:00 Medium Warships
25:07 Bow Saw
26:15 Hand Cart
26:01 Town Patrol
27:18 Scale Mail Armor
27:28 Forging
28:52 Gambesons
29:08 Squires
28:53 Arson
29:45 Iron Casting
29:25 Chain Mail Armor
29:52 Pikeman
35:45 Fortified Wall
35:47 Masonry
35:00 Man-at-Arms
37:08 Scale Barding Armor
37:55 Ballistics
37:57 Bloodlines
37:47 Husbandry
40:39 Imperial Age
39:56 Gold Mining
39:56 Stone Mining
40:06 Treadmill Crane
41:09 Elite Varangian Guard
42:53 Blast Furnace
42:23 Plate Mail Armor
42:44 Plate Mail Armor
43:50 Conscription
42:52 Gothikon
44:32 Clinker Construction
47:51 Chain Barding Armor
49:08 Chemistry
48:39 Architecture
48:15 Siege Engineers
Æurosswydd
13:55 Feudal Age
16:20 Horse Collar
16:26 Double-Bit Axe
18:56 Castle Age
16:44 Double-Bit Axe
16:40 Horse Collar
17:23 Loom
20:03 Bow Saw
24:10 Wheelbarrow
24:34 Heavy Plow
26:12 Gold Mining
26:14 Stone Mining
28:55 Gold Shaft Mining
28:36 Bloodlines
29:39 Hand Cart
29:57 Husbandry
30:48 Forging
31:20 Scale Barding Armor
31:32 Marauders
32:13 Iron Casting
31:37 Fletching
36:12 Chain Barding Armor
40:09 Light Cavalry
47:04 Imperial Age
45:12 Bodkin Arrow
45:40 Ballistics
45:32 Masonry
45:18 Murder Holes
48:49 Blast Furnace
48:26 Plate Barding Armor
48:15 Conscription
49:08 Two-Man Saw
47:49 Hussar
48:39 Elite Tarkan
Connection lost

Rejoining the realm…

Still unreachable

The connection could not be restored.

Session expired

The server has moved on; the page needs a fresh start.